 Dungeon Crawl Stone Soup version 0.31.0-12-g77e489cdc1 (webtiles) character file.

Game seed: 391160038183632404

1800 Silvore the Slasher (level 8, -1/57 (62) HPs)
             Began as a Demonspawn Fighter on Feb 11, 2024.
             Was a Follower of Okawaru.
             Slain by a kobold brigand
             ... wielding a +2 dagger of draining
              (2 damage)
             ... on level 6 of the Dungeon.
             The game lasted 00:07:45 (4894 turns).

Silvore the Slasher (Demonspawn Fighter)            Turns: 4894, Time: 00:07:46

HP:   -1/57 (62)    AC: 12    Str: 18    XL:     8   Next: 83%
MP:   8/8           EV:  6    Int: 12    God:    Okawaru [*.....]
Gold: 290           SH:  5    Dex: 13    Spells: 7/7 levels left

rFire   + . .        e - +6 falchion of the Valley of Death {freeze, Int+3}
rCold   + . .        c - +0 buckler
rNeg    . . .        o - +0 plate armour
rPois   .            (no helmet)
rElec   .            d - scarf {rC+ rF+}
rCorr   .            (no gloves)
SInv    .            (no boots)
Will    .....        i - amulet of faith Stlth
                     (no ring)
HPRegen 0.29/turn    (no ring)
MPRegen 0.11/turn

%: faith
@: lethally poisoned (-1 -> -8), slowed, drained, very slow
A: hooves 1, (demonic guardian 1)
a: Renounce Religion, Heroism


You were on level 6 of the Dungeon.
You worshipped Okawaru.
Okawaru was aware of your devotion.
You visited 2 branches of the dungeon, and saw 7 of its levels.
You also visited: Sewer.

You collected 290 gold pieces.

Inventory:

Hand Weapons
 a - a +0 long sword
 e - the +6 falchion of the Valley of Death (weapon) {freeze, Int+3}
   (You acquired it on level 1 of the Dungeon)

   Int+3:     It affects your intelligence (+3).
Armour
 b - a +0 scale mail
 c - a +0 buckler (worn)
 d - a scarf of resistance (worn)
 g - an orb of mayhem
 o - a +0 plate armour (worn)
Jewellery
 i - an amulet of faith (around neck)
 n - an amulet of reflection
Wands
 p - a wand of flame (17)
Scrolls
 l - 5 scrolls of teleportation
 x - a scroll of summoning
 y - a scroll of vulnerability
Potions
 f - 3 potions of curing
 h - 4 potions of brilliance
 j - a potion of resistance
 k - a potion of attraction
 m - a potion of lignification
 q - 2 potions of magic
 r - a potion of might
 s - a potion of berserk rage
 u - a potion of mutation {unknown}
 w - a potion of haste {unknown}


   Skills:
 + Level 5.2 Fighting
 + Level 7.0 Long Blades
 + Level 5.9 Armour
 + Level 2.2 Dodging
 + Level 1.8 Stealth
 + Level 4.0 Shields


You had 7 spell levels left.
You didn't know any spells.
Your spell library contained the following spells:

 Spells                   Type           Power      Damage    Failure   Level
 Sandblast                Erth           0%         2d4       100%        1
 Blink                    Tloc           0%         N/A       100%        2
 Lesser Beckoning         Tloc           0%         N/A       100%        2
 Mercury Vapours          Alch/Air       0%         N/A       100%        2
 Momentum Strike          Conj/Tloc      0%         3d8       100%        2
 Gell's Gravitas          Tloc           0%         N/A       100%        3
 Mephitic Cloud           Conj/Alch/Air  0%         N/A       100%        3
 Passwall                 Erth           0%         N/A       100%        3
 Stone Arrow              Conj/Erth      0%         3d7       100%        3
 Teleport Other           Tloc           0%         N/A       100%        3
 Brom's Barrelling Bould  Conj/Erth      0%         2d3       100%        4
 Freezing Cloud           Conj/Ice/Air   0%         6-21      100%        5
 Dispersal                Tloc           0%         N/A       100%        6
 Ozocubu's Refrigeration  Ice            0%         4d7       100%        7
 Polar Vortex             Ice            0%         N/A       100%        9
 Sculpt Simulacrum        Ice/Alch       Unusable   N/A       N/A         6

Dungeon Overview and Level Annotations

Branches:
Dungeon (6/15)             Temple (1/1) D:5           Sewer (visited)

Altars:
Ashenzari
Cheibriados
Dithmenos
Fedhas
Gozag
Hepliaklqana
Makhleb
Nemelex Xobeh
Okawaru
Qazlal
Sif Muna
Trog
Uskayaw
Vehumet
Wu Jian
Xom
Yredelemnul


Innate Abilities, Weirdness & Mutations

You have large cloven feet.
((A weak demonic guardian rushes to your aid.))


Message History

a +0 dagger; a +0 dagger; a kobold corpse You barely miss the kobold brigand.
You kick the kobold brigand, but do no damage.
You feel very sick.
The kobold brigand hits you but does no damage. x2
You feel very sick.
The kobold brigand hits you but does no damage. x2
You hit the kobold brigand. You freeze the kobold brigand.
You kick the kobold brigand.
The kobold brigand is heavily wounded.
You feel sick. The kobold brigand barely misses you.
You slash the kobold brigand! You freeze the kobold brigand.
You kill the kobold brigand!
Okawaru accepts your kill.
You can now gain great but temporary skills.
You feel sick.
The kobold brigand throws a curare-tipped dart.
The curare-tipped dart hits you.
You are more poisoned.
You have difficulty breathing.
You feel as though you will be slow longer.
The kobold brigand throws a curare-tipped dart.
The curare-tipped dart barely misses you.
Your Long Blades skill increases to level 7!
You feel very sick.
The kobold brigand hits you but does no damage.
You feel drained.
Things that are here:
a +0 club; 6 poisoned darts You hit the kobold brigand.
You freeze the kobold brigand.
The kobold brigand is lightly wounded.
You feel very sick.
The kobold brigand hits you with a +2 dagger of draining.
* * * LOW HITPOINT WARNING * * *
You feel drained.
* * * LOW HITPOINT WARNING * * *
The kobold brigand hits you with a +2 dagger of draining!
* * * LOW HITPOINT WARNING * * *
You feel drained.
You die...

##.. #..# #..# #..#
######## #..# .))....#
##..# # ######.## #K.#
~# #..# ##@)#~~# #
####.#### #..##≈~## #
#.......# #..#≈~~~# #
#.##.##.####))#≈≈~~#
####.##.......#.)#≈~~~..
.).#..........#))##~~...
##)#..##......##).#~~...
##)#..####.##.##..# ###.
##.)....>..##.##..#


You could see a kobold brigand.

Vanquished Creatures
  Pikel (D:4)
  Duvessa (D:5)
  An ogre (D:4)
  A phantom (Sewer)
  3 kobold brigands
  2 bullfrogs (D:6)
  A scorpion (D:6)
  Dowan (D:5)
  A howler monkey (D:4)
  3 hounds
  2 jellies (D:5)
  Crazy Yiuf (D:2)
  2 sleepcaps
  Natasha (thrice) (D:4)
  An iguana (D:5)
  An orc wizard (D:4)
  3 gnolls (D:6)
  5 adders
  3 shadow imps (Sewer)
  A white imp (D:6)
  An ufetubus (Sewer)
  An adder zombie (Sewer)
  A dart slug (D:2)
  2 ribbon worms
  13 orcs
  9 endoplasms
  5 giant cockroaches
  7 hobgoblins
  3 jackals (D:2)
  26 kobolds
  4 quokkas
  13 ball pythons
  5 bats
  5 frilled lizards
  A giant cockroach zombie (Sewer)
  7 goblins
  6 rats
146 creatures vanquished.

Vanquished Creatures (collateral kills)
  A jackal (D:2)
  2 kobolds (Sewer)
  A rat (D:3)
4 creatures vanquished.

Grand Total: 150 creatures vanquished

Notes
Turn   | Place    | Note
-------+----------+-------------------------------------------
     0 | D:1      | Silvore the Demonspawn Fighter began the quest for the Orb.
     0 | D:1      | Reached XP level 1. HP: 18/18 MP: 1/1
     0 | D:1      | Noticed a vampire
     3 | D:1      | Noticed a ghoul
    10 | D:1      | Noticed a demonspawn
    16 | D:1      | Noticed a human
    16 | D:1      | Noticed a vampire
   123 | D:1      | Gained mutation: A weak demonic guardian rushes to your
                  | aid. [demonic ancestry]
   123 | D:1      | Reached XP level 2. HP: 24/24 MP: 2/2
   614 | D:1      | Reached skill level 2 in Long Blades
   841 | D:1      | Identified a scroll of acquirement
   841 | D:1      | Acquired the +6 falchion of the Valley of Death {freeze,
                  | Int+3}
   909 | D:2      | Reached XP level 3. HP: 28/29 MP: 3/3
  1061 | D:2      | You fall into a shaft and drop 2 floors!
  1073 | D:3      | Found a blossoming altar of Fedhas.
  1124 | D:3      | Found a glowing drain.
  1139 | Sewer    | Entered a sewer
  1367 | Sewer    | Reached XP level 4. HP: 17/35 MP: 4/4
  1459 | Sewer    | Found an ancient bone altar of Kikubaaqudgha.
  1463 | Sewer    | Noticed a kobold brigand
  1468 | Sewer    | Noticed a kobold brigand
  1485 | Sewer    | Killed a kobold brigand
  1486 | Sewer    | Reached skill level 3 in Long Blades
  1486 | Sewer    | Reached skill level 1 in Dodging
  1486 | Sewer    | Reached XP level 5. HP: 25/41 MP: 5/5
  1593 | Sewer    | Noticed a phantom
  1607 | Sewer    | Killed a phantom
  1608 | Sewer    | Reached skill level 4 in Long Blades
  1608 | Sewer    | Reached XP level 6. HP: 37/48 MP: 6/6
  2130 | D:2      | Found a runed translucent door.
  2131 | D:2      | Noticed Crazy Yiuf
  2208 | D:2      | Killed Crazy Yiuf
  2309 | D:3      | Found a broken altar of Ashenzari.
  2870 | D:4      | Gained mutation: You have large cloven feet. [demonic
                  | ancestry]
  2870 | D:4      | Reached XP level 7. HP: 27/54 MP: 7/7
  2962 | D:4      | Noticed Pikel
  2983 | D:4      | Killed Pikel
  2984 | D:4      | Reached skill level 5 in Long Blades
  2984 | D:4      | Reached skill level 5 in Armour
  2984 | D:4      | Reached skill level 1 in Stealth
  3137 | D:4      | Reached XP level 8. HP: 50/61 MP: 8/8
  3365 | D:4      | Noticed Natasha
  3369 | D:4      | Killed Natasha
  3444 | D:4      | Noticed Natasha
  3452 | D:4      | Killed Natasha
  3674 | D:4      | Noticed Natasha
  3686 | D:4      | Killed Natasha
  3719 | D:5      | Entered Level 5 of the Dungeon
  3855 | D:5      | Reached skill level 6 in Long Blades
  4026 | D:5      | Noticed Dowan
  4028 | D:5      | Noticed Duvessa
  4042 | D:5      | Killed Duvessa
  4045 | D:5      | Killed Dowan
  4046 | D:5      | Reached skill level 5 in Fighting
  4265 | D:5      | Found a staircase to the Ecumenical Temple.
  4515 | Temple   | Entered the Ecumenical Temple
  4528 | Temple   | Became a worshipper of Warmaster Okawaru
  4892 | D:6      | Reached * piety under Okawaru
  4893 | D:6      | Reached skill level 7 in Long Blades
  4894 | D:6      | HP: 1/59 [kobold brigand/+2 dagger of draining (8)]
  4894 | D:6      | Slain by a kobold brigand

Illustrated notes

Levels and vault maps discovered:
D:1:      shiori_arrival_whats_in_store_for_you, layout_loops_ring,
          minivault_27, minmay_cut_off
D:2:      layout_rooms, serial_park_tiny_1, chequers_serial_rivers_micro_e,
          kennysheep_generic_room_15, uniq_crazy_yiuf_cottage
D:3:      layout_rooms, mainiacjoe_overflow_catwalk, fedhas_altar_1,
          cheibrodos_sewer_entry_drain, grunt_decor_cap,
          chequers_serial_rivers_micro_e
D:4:      layout_loops_ring, uniq_pikel, uniq_natasha
D:5:      layout_loops_ring, minmay_temple_entry_hall, uniq_duvessa
D:6:      cheibrodos_thug_alley, layout_loops_cross, uniq_eustachio
Temple:   mainiacjoe_temple_coin_purse

Skill      XL: |  1  2  3  4  5  6  7  8 |
---------------+-------------------------+-----
Shields        | 3 4 |  4.0
Long Blades    | 2 3 4 5 7 |  7.0
Armour         | 3 4 5 |  5.9
Dodging        | 1 2 |  2.2
Fighting       | 4 5 |  5.2
Stealth        | 1 |  1.8

Action                     |  1- 3 |  4- 6 |  7- 9 || total
---------------------------+-------+-------+-------++-------
  Melee: Long sword        |    41 |       |       ||    41
         Falchion          |    61 |   110 |   154 ||   325
         Kick              |       |       |    37 ||    37
    Use: Scroll            |     3 |    10 |     3 ||    16
         Potion            |       |     1 |     1 ||     2
 Armour: Scale mail        |    92 |    69 |       ||   161
         Plate armour      |       |     2 |   145 ||   147
  Dodge: Dodged            |    67 |    53 |    47 ||   167
  Block: Buckler           |    31 |    28 |    24 ||    83
